Map: Lost and Found LE

Players

Nerchio - Winner!

  • Race: Zerg Zerg
  • Spawn Location: 7:00

Mackintac

  • Race: Zerg Zerg
  • Spawn Location: 1:00

Event: WCS Montreal 2018

VOD

Have the link to the VOD?

Description

Time

  • Played on: Sept. 7, 2018, 12:20 p.m.
  • Length: 3:53

All games in this series

Show
View Real Time Build Order
Export as new Build Order

Nerchio Zerg - Winner!

Build Orders: Hatch First 

Get SALT Encoding   

  12  0:00  Drone  
  13  0:12  Overlord  
  13  0:16  Drone  
  14  0:30  Drone  
  14  0:31  Drone  
  16  0:48  Hatchery  
  15  0:51  Drone  
  15  0:55  Drone  
  17  0:58  Drone  
  18  1:07  Extractor  
  17  1:14  Spawning Pool  
  17  1:17  Drone  
  17  1:21  Drone  
  18  1:29  Drone  
  19  1:42  Overlord  
  19  2:00  Zergling x2  
  19  2:01  Zergling x4, Queen  
  22  2:02  Queen  
  26  2:10  Zergling x2  
  25  2:24  Zergling x4  
  27  2:32  Zergling x2  
  27  2:35  Zergling x2  
  29  2:38  Zergling x2  
  29  2:43  Zergling x2  
  29  2:51  Zergling x2  
  30  2:52  Spine Crawler  
  29  3:01  Queen  
  31  3:17  Queen  
  31  3:21  Zergling x2  
  31  3:22  Zergling x2  
  33  3:30  Zergling x2  
  33  3:31  Zergling x2  
Show
View Real Time Build Order
Export as new Build Order

Mackintac Zerg 

Build Orders: Pool Only 

Get SALT Encoding   

  12  0:17  Spawning Pool  
  11  0:23  Drone  
  11  0:26  Drone  
  13  0:30  Drone  
  14  0:40  Overlord  
  14  0:48  Extractor  
  13  1:04  Zergling x4  
  15  1:06  Zergling x2  
  15  1:07  Queen  
  18  1:16  Zergling x2  
  19  1:27  Zergling x2  
  20  1:38  Zergling x2  
  21  1:48  Metabolic Boost  
  21  1:49  Overlord  
  21  1:59  Zergling x2  
  22  2:10  Baneling Nest  
  22  2:11  Zergling x2  
  21  2:23  Zergling x6  
  24  2:39  Zergling x2  
  24  2:53  Zergling x4  
  26  3:05  Baneling x4  
  26  3:17  Overlord  
Tags
 
Add a new tag
Caveats
  • Supply blocks, unpowered buildings, or Contaminate may cause inaccurate times.
  • Supply counts are checked every 10 seconds.